 Dungeon Crawl Stone Soup version 0.27.0-1-g7a08968 (webtiles) character file.

Game seed: 8229555768689285275

2028 Illumine the Magician (level 9, -3/51 HPs)
             Began as a Deep Elf Air Elementalist on Aug 27, 2021.
             Was a Follower of Ru.
             Slain by a boulder beetle (25 damage)
             ... on level 6 of the Dungeon.
             The game lasted 00:15:30 (6649 turns).

Illumine the Magician (Deep Elf Air Elementalist)   Turns: 6649, Time: 00:15:31

Health: -3/51      AC: 11    Str:  5    XL:     9   Next: 3%
Magic:  11/21      EV: 14    Int: 24    God:    Ru [*.....]
Gold:   60         SH:  5    Dex: 15    Spells: 4/21 levels left

rFire    . . .     SeeInvis +   p - staff of conjuration
rCold    . . .     Faith    .   (no shield)
rNeg     . . .     Spirit   .   r - +5 robe of Night {Dark Will+ SInv}
rPois    +         Reflect  +   i - +2 helmet
rElec    .         Harm     .   q - +0 cloak
rCorr    .         Rampage  .   (no gloves)
Will     +....                  (no boots)
Stlth    +++.......             s - amulet of reflection
HPRegen  0.17/turn              l - ring of poison resistance
MPRegen  0.17/turn              (no ring)

@: unable to read
A: inability to read while threatened
a: Renounce Religion


You were on level 6 of the Dungeon.
You worshipped Ru.
Ru was aware of your devotion.
You visited 2 branches of the dungeon, and saw 7 of its levels.

You collected 216 gold pieces.
You spent 156 gold pieces at shops.

Inventory:

Hand Weapons
 d - a -2 hunting sling
Missiles
 b - 37 poisoned darts
 c - 80 stones
Armour
 i - a +2 helmet (worn)
 q - a +0 cloak (worn)
 r - the +5 robe of Night (worn) {Dark Will+ SInv}
   (You found it on level 5 of the Dungeon)

   It shrouds the wearer in darkness, reducing the range at which they can see
   and be seen by others.
   SInv:      It lets you see invisible.
   Will:      It increases your willpower.
Magical Staves
 f - a staff of air
 p - a staff of conjuration (weapon)
Jewellery
 l - a ring of poison resistance (left hand)
 s - an amulet of reflection (around neck)
Wands
 o - a wand of digging (6)
Scrolls
 e - 3 scrolls of amnesia
 g - a scroll of blinking {unknown}
 j - a scroll of fear
 n - 2 scrolls of teleportation
 t - a scroll of acquirement {unknown}
 u - a scroll of magic mapping {unknown}
 w - a scroll of enchant weapon {unknown}
 x - 2 scrolls of enchant armour
Potions
 a - a potion of haste
 h - a potion of might {unknown}
 k - 3 potions of attraction
 m - 2 potions of curing
 v - a potion of cancellation {unknown}
 z - 3 potions of heal wounds


   Skills:
 + Level 3.4 Fighting
 + Level 5.5 Dodging
 - Level 5.6 Stealth
 + Level 6.9 Spellcasting
 + Level 5.2 Conjurations
 + Level 4.3 Translocations
 + Level 5.6 Air Magic


You had 4 spell levels left.
You knew the following spells:

 Your Spells              Type           Power      Damage    Failure   Level
a - Shock                 Conj/Air       100%       1d9       1%          1
b - Static Discharge      Conj/Air       51%        N/A       1%          2
c - Swiftness             Air            35%        N/A       2%          3
d - Blink                 Tloc           N/A        N/A       1%          2
e - Airstrike             Air            17%        N/A       7%          4
f - Manifold Assault      Tloc           29%        N/A       34%         5

Your spell library contained the following spells:

 Spells                   Type           Power      Damage    Failure   Level
 Conjure Ball Lightning   Conj/Air       25%        3x3d7     75%         6
 Storm Form               Tmut/Air       10%        N/A       100%        7
 Discord                  Hex            4%         N/A       100%        8
 Disjunction              Tloc           14%        N/A       100%        8


Dungeon Overview and Level Annotations

Branches:
Dungeon (6/15)             Temple (1/1) D:4

Altars:
Cheibriados
Dithmenos
Gozag
Hepliaklqana
Makhleb
Okawaru
Ru
Trog
Uskayaw
Wu Jian
Yredelemnul
The Shining One

Shops:
D:5 *

Annotations:
D:4 2 transporters, Dega's ghost, amateur OpFi


Innate Abilities, Weirdness & Mutations

You sometimes lose the ability to read scrolls when taking damage.


Message History

You block the boulder beetle's attack.
Unknown command.
Casting: Airstrike (dangerous; 7% risk of failure)
Confirm with . or Enter, or press ? or * to list all spells.
Aiming: Airstrike (dangerous; 7% risk of failure)
Press: ? - help, Dir - move target, f/p - boulder beetle
Aim: a boulder beetle (lightly wounded)
You miscast Airstrike.
You are very lightly contaminated with residual magic.
Nothing appears to happen.
The boulder beetle misses you.
Unknown command.
Casting: Airstrike (dangerous; 7% risk of failure)
Confirm with . or Enter, or press ? or * to list all spells.
Okay, then.
Casting: Airstrike (dangerous; 7% risk of failure)
Confirm with . or Enter, or press ? or * to list all spells.
You blink.
The boulder beetle curls into a ball and begins rolling!
The boulder beetle hits you!!
You feel threatened and lose the ability to read scrolls!
The boulder beetle stops rolling and uncurls.
There is a stone staircase leading down here.
Your magical contamination has completely faded away.
You can read scrolls again.
The boulder beetle leaps!
The boulder beetle curls into a ball and begins rolling!
Casting: Blink (safe; 1% risk of failure)
Confirm with . or Enter, or press ? or * to list all spells.
Aiming: Airstrike (dangerous; 7% risk of failure)
Press: ? - help, Dir - move target, f/p - boulder beetle
Aim: a boulder beetle (lightly wounded, rolling)
Okay, then.
Casting: Airstrike (dangerous; 7% risk of failure)
Confirm with . or Enter, or press ? or * to list all spells.
Okay, then.
Casting: Airstrike (dangerous; 7% risk of failure)
Confirm with . or Enter, or press ? or * to list all spells.
You blink.
The boulder beetle hits you!!
You feel threatened and lose the ability to read scrolls!
You die...

+######## .........# ####
### #.........# ...# ...
+.........# ...# #.#
#.........# ...# #.#
#.........# ...#
#.###.........#
############§..B@........#
................°°.......#
.....########.##.#########
........# #.##.########
####.##.## #.##.........
..##.##..####............
..##.#...................
..##.#.######...........O
..##.#.# #.###########


You could see a boulder beetle (rolling).

Vanquished Creatures
  Pikel (D:4)
  Grinder (D:4)
  Sigmund (D:4)
  A steam dragon (D:6)
  Edmund (D:4)
  An ogre (D:5)
  A centaur (D:6)
  2 phantoms (D:5)
  3 scorpions
  A wyvern skeleton (D:5)
  2 water moccasin skeletons
  5 hounds
  An orc priest (D:5)
  Crazy Yiuf (D:5)
  2 jellies
  Robin (D:2)
  6 adders
  2 white imps (D:6)
  An adder skeleton (D:4)
  A worm (D:4)
  3 dart slugs
  5 orcs
  5 bats
  4 endoplasms
  A giant cockroach (D:3)
  16 goblins
  9 hobgoblins
  12 jackals
  A quokka (D:2)
  4 ball pythons
  A frilled lizard (D:2)
  6 kobolds
  4 rats
106 creatures vanquished.

Vanquished Creatures (others)
  4 toadstools (D:1)
4 creatures vanquished.

Grand Total: 110 creatures vanquished

Notes
Turn   | Place    | Note
-------+----------+-------------------------------------------
     0 | D:1      | Illumine the Deep Elf Air Elementalist began the quest for
                  | the Orb.
     0 | D:1      | Reached XP level 1. HP: 10/10 MP: 6/6
   124 | D:1      | Reached XP level 2. HP: 13/15 MP: 0/8
   422 | D:1      | Learned a level 2 spell: Static Discharge
   514 | D:1      | Found a faded altar of an unknown god.
  1196 | D:1      | Reached XP level 3. HP: 19/19 MP: 7/10
  1200 | D:1      | Learned a level 3 spell: Swiftness
  1912 | D:2      | Reached skill level 4 in Spellcasting
  2072 | D:2      | Reached XP level 4. HP: 24/24 MP: 7/12
  2112 | D:2      | Noticed Robin
  2131 | D:2      | Killed Robin
  2755 | D:3      | Found a hide-covered altar of Uskayaw.
  2806 | D:3      | Reached skill level 1 in Fighting
  3171 | D:3      | Learned a level 2 spell: Blink
  3186 | D:4      | Noticed Sigmund
  3199 | D:4      | Found a transporter.
  3250 | D:4      | Noticed a lemure
  3251 | D:4      | Noticed Pikel
  3251 | D:4      | Noticed a lemure
  3296 | D:4      | Found a staircase to the Ecumenical Temple.
  3305 | Temple   | Entered the Ecumenical Temple
  3441 | Temple   | Became a worshipper of Ru the Awakened
  3556 | D:4      | You fall into a shaft and drop 2 floors!
  3659 | D:6      | Noticed an ogre
  3667 | D:6      | Noticed a scorpion
  3668 | D:6      | Noticed a boulder beetle
  3711 | D:6      | Noticed an orc warrior
  3756 | D:5      | Entered Level 5 of the Dungeon
  3814 | D:5      | Noticed an ogre
  3823 | D:5      | Noticed a scorpion
  3900 | D:5      | Noticed a scorpion
  3911 | D:5      | Noticed a phantom
  3930 | D:5      | Reached XP level 5. HP: 24/29 MP: 10/13
  3982 | D:5      | Learned a level 4 spell: Airstrike
  3983 | D:5      | Found the +5 robe of Night {Dark Will+ SInv}
  4055 | D:5      | Noticed a phantom
  4151 | D:4      | Noticed a lemure
  4156 | D:4      | Killed Pikel
  4157 | D:4      | Reached skill level 5 in Spellcasting
  4157 | D:4      | Reached XP level 6. HP: 35/35 MP: 6/15
  4157 | D:4      | Reached XP level 7. HP: 39/39 MP: 6/16
  4230 | D:4      | Noticed Edmund
  4238 | D:4      | Killed Edmund
  4239 | D:4      | Reached skill level 5 in Stealth
  4499 | D:4      | Found a burning altar of Makhleb.
  4499 | D:4      | Found an iron altar of Okawaru.
  4509 | D:4      | Killed Sigmund
  4608 | D:4      | Found a transporter.
  4608 | D:4      | Noticed Dega's ghost (amateur OpFi)
  4802 | D:4      | Noticed Grinder
  4822 | D:4      | Killed Grinder
  4823 | D:4      | Reached XP level 8. HP: 31/45 MP: 10/18
  5161 | D:5      | Reached skill level 6 in Spellcasting
  5161 | D:5      | Reached skill level 5 in Air Magic
  5339 | D:5      | Found Foiliuck's General Store.
  5343 | D:5      | Bought 2 potions of heal wounds for 130 gold pieces
  5343 | D:5      | Bought a scroll of identify for 26 gold pieces
  5519 | D:5      | Gained mutation: You sometimes lose the ability to read
                  | scrolls when taking damage. [Ru sacrifice]
  5519 | D:5      | Reached * piety under Ru
  5534 | D:5      | Reached skill level 5 in Dodging
  5845 | D:5      | Found a runed translucent door.
  5847 | D:5      | Noticed Crazy Yiuf
  5854 | D:5      | Killed Crazy Yiuf
  6260 | D:6      | Reached skill level 5 in Conjurations
  6385 | D:6      | Reached XP level 9. HP: 28/51 MP: 3/21
  6536 | D:6      | Learned a level 5 spell: Manifold Assault
  6649 | D:6      | Slain by a boulder beetle

Illustrated notes

Levels and vault maps discovered:
D:1:      ldierk_walled_garden_2, layout_basic, serial_glass, glass_columns_a,
          glass_columns_b, minmay_strange_pillars, ebering_ecumenical_altar_rust
D:2:      layout_basic, serial_glass, glass_columns_b, glass_columns_b,
          corexii_leaking_fountain, uniq_robin
D:3:      layout_rooms, eat_drink_and_be_merry_uskayaw
D:4:      layout_gridville, chequers_temple_overflow_statue_of_worship,
          minmay_temple_entry_arrows, gammafunk_ghost_arena, uniq_grinder,
          uniq_sigmund, uniq_edmund, uniq_pikel
D:5:      layout_loops_ring, serial_shops, shop, uniq_crazy_yiuf_cottage
D:6:      lemuel_castle_with_subvaults [lemuel_castle_interior_carwin_2],
          layout_basic, general_overflow_altar, minitemple, st_stairs_2,
          uniq_menkaure
Temple:   nicolae_temple_figure_zero

Skill      XL: |  1  2  3  4  5  6  7  8 |
---------------+-------------------------+-----
Conjurations   | 2 3 4 5 |  5.2
Spellcasting   | 4 5 6 |  6.9
Fighting       | 1 2 3 |  3.4
Dodging        | 3 4 5 |  5.5
Stealth        | 4 5 |  5.6
Translocations | 2 3 4 |  4.3
Air Magic      | 4 5 |  5.6

Action                   |  1- 3 |  4- 6 |  7- 9 || total
-------------------------+-------+-------+-------++-------
Melee: Unarmed           |     3 |       |       ||     3
       Staff             |       |       |     5 ||     5
 Cast: Shock             |    85 |    64 |   139 ||   288
       Static Discharge  |       |     1 |     1 ||     2
       Swiftness         |       |     1 |       ||     1
       Airstrike         |       |       |     5 ||     5
       Blink             |       |       |     2 ||     2
Invok: Sacrifice Words   |       |       |     1 ||     1
  Use: Scroll            |       |     3 |     3 ||     6
Armor: Robe              |     4 |     5 |    17 ||    26
Dodge: Dodged            |    13 |    12 |    37 ||    62
Block: Other             |       |       |    13 ||    13
